 Dungeon Crawl Stone Soup version 0.28-a0-697-g47f3eba078 (webtiles) character file.

Game seed: 11154510292285937422

128056 porpoise the Eclecticist (level 16, -5/92 HPs)
             Began as a Deep Elf Conjurer on Oct 23, 2021.
             Was a High Priest of Vehumet.
             Slain by Arachne (10 damage)
             ... on level 3 of the Spider Nest.
             The game lasted 03:19:56 (47891 turns).

porpoise the Eclecticist (Deep Elf Conjurer)       Turns: 47891, Time: 03:19:57

Health: -5/92      AC: 12    Str: 12    XL:     16   Next: 47%
Magic:  9/38       EV: 14    Int: 37    God:    Vehumet [*****.]
Gold:   1414       SH:  4    Dex:  9    Spells: 8/47 levels left

rFire   + . .      SeeInvis +   b - +5 hunting sling "Decyjut" {venom, rPois rCorr}
rCold   + . .      Faith    .   R - +0 buckler
rNeg    . . .      Spirit   .   Y - +2 robe {rC+ rF+}
rPois   +          Reflect  .   f - +0 hat {Int+3}
rElec   .          Harm     .   O - +2 cloak
rCorr   +          Rampage  .   S - +0 pair of gloves
Will    ++...                   g - +3 pair of boots "Pilasch" {Str+5}
Stlth   ++++......              M - amulet of the acrobat
HPRegen 0.25/turn               n - ring of willpower
MPRegen 0.26/turn               k - ring of Xyiptaef {rPois Int+6 Dex-4 SInv}

@: lethally poisoned (-5 -> -6), very slightly contaminated
A: no striking features
a: Renounce Religion


You were on level 3 of the Spider Nest.
You worshipped Vehumet.
Vehumet was extremely pleased with you.
You visited 5 branches of the dungeon, and saw 27 of its levels.

You collected 2518 gold pieces.
You spent 1104 gold pieces at shops.

Inventory:

Hand Weapons
 a - a +2 dagger of draining
 b - the +5 hunting sling "Decyjut" (weapon) {venom, rPois rCorr}
   (You found it on level 10 of the Dungeon)

   Any ammunition fired from it poisons the flesh of those it strikes.
   rPois:     It protects you from poison.
   rCorr:     It protects you from acid and corrosion.
Missiles
 m - 6 boomerangs
 p - 3 boomerangs of dispersal
 z - 60 sling bullets (quivered ammo)
 K - 10 curare-tipped darts
Armour
 f - a +0 hat of intelligence (worn)
 g - the +3 pair of boots "Pilasch" (worn) {Str+5}
   (You found it on level 1 of the Spider Nest)

   Str:       It affects your strength (+5).
 O - a +2 cloak (worn)
 R - a +0 buckler (worn)
 S - a +0 pair of gloves (worn)
 Y - a +2 robe of resistance (worn)
 Z - a +0 pair of boots
Jewellery
 k - the ring of Xyiptaef (right hand) {rPois Int+6 Dex-4 SInv}
   (You found it on level 11 of the Dungeon)

   [ring of see invisible]

   Int:       It affects your intelligence (+6).
   Dex:       It affects your dexterity (-4).
   rPois:     It protects you from poison.
   SInv:      It lets you see invisible.
 n - a ring of willpower (left hand)
 y - a +4 ring of evasion
 M - an amulet of the acrobat (around neck)
Wands
 o - a wand of paralysis (8)
 C - a wand of polymorph (20)
 L - a wand of digging (4)
 N - a wand of mindburst (32)
 P - a wand of flame (38)
 Q - a wand of iceblast (25)
 T - a wand of acid (22)
Scrolls
 c - 3 scrolls of summoning
 i - 10 scrolls of teleportation
 l - a scroll of enchant armour
 q - 4 scrolls of vulnerability
 v - 3 scrolls of holy word
 w - 2 scrolls of magic mapping
 A - a scroll of blinking
 F - a scroll of fog
 G - 4 scrolls of identify
 J - 2 scrolls of fear
 V - 2 scrolls of immolation
Potions
 d - a potion of resistance
 e - 8 potions of curing
 h - 4 potions of haste
 j - a potion of attraction
 B - 4 potions of magic
 E - 2 potions of ambrosia
 I - a potion of cancellation
 X - a potion of lignification
Miscellaneous
 u - a lightning rod (1/4)


   Skills:
 - Level 7.0 Fighting
 - Level 9.0 Dodging
 + Level 11.3 Stealth
 - Level 4.0 Shields
 - Level 16.0 Spellcasting
 - Level 12.0 Conjurations
 - Level 14.0 Hexes
 - Level 12.0 Necromancy
 - Level 9.0 Translocations
 - Level 9.0 Transmutations
 + Level 5.6 Fire Magic
 - Level 9.0 Earth Magic
 - Level 7.0 Evocations


You had 8 spell levels left.
You knew the following spells:

 Your Spells              Type           Power      Damage    Failure   Level
a - Magic Dart            Conj           100%       1d8       0%          1
b - Searing Ray           Conj           100%       2d8       0%          2
c - Fulminant Prism       Conj/Hex       45%        3d21      1%          4
d - Iskenderun's Mystic   Conj/Tloc      82%        2d16      1%          4
f - Orb of Destruction    Conj           43%        9d14      1%          7
k - Blink                 Tloc           N/A        N/A       1%          2
r - Irradiate             Conj/Tmut      41%        3d27      1%          5
s - Stone Arrow           Conj/Erth      100%       3d13      1%          3
u - Starburst             Conj/Fire      38%        6d11      1%          6
v - Borgnjor's Vile Clut  Necr/Erth      41%        N/A       1%          5

Your spell library contained the following spells:

 Spells                   Type           Power      Damage    Failure   Level
 Lee's Rapid Deconstruct  Erth           38%        3d20*     1%          5
 Animate Skeleton         Necr           100%       N/A       0%          1
 Pain                     Necr           100%       1d9       0%          1
 Sublimation of Blood     Necr           43%        N/A       0%          2
 Dazzling Flash           Conj/Hex       100%       N/A       0%          3
 Apportation              Tloc           100%       N/A       1%          1
 Summon Small Mammal      Summ           100%       N/A       1%          1
 Corpse Rot               Necr/Air       100%       N/A       1%          2
 Ensorcelled Hibernation  Hex/Ice        100%       N/A       1%          2
 Poisonous Vapours        Pois/Air       58%        N/A       1%          2
 Gell's Gravitas          Tloc           38%        N/A       1%          3
 Lesser Beckoning         Tloc           77%        N/A       1%          3
 Spider Form              Tmut/Pois      29%        N/A       1%          3
 Teleport Other           Tloc           77%        N/A       1%          3
 Petrify                  Tmut/Erth      77%        N/A       1%          4
 Agony                    Necr           87%        N/A       1%          5
 Excruciating Wounds      Necr           43%        N/A       1%          5
 Manifold Assault         Tloc           77%        N/A       1%          5
 Silence                  Hex/Air        34%        N/A       1%          5
 Summon Mana Viper        Hex/Summ       69%        N/A       1%          5
 Ozocubu's Armour         Ice            29%        N/A       3%          3
 Alistair's Intoxication  Tmut/Pois      38%        N/A       4%          5
 Summon Forest            Summ/Tloc      29%        N/A       4%          5
 Eringya's Noxious Bog    Tmut/Pois      29%        N/A       8%          6
 Summon Ice Beast         Ice/Summ       29%        N/A       12%         4
 Ozocubu's Refrigeration  Ice            14%        4d7       90%         7
 Monstrous Menagerie      Summ           14%        N/A       100%        7
 Summon Hydra             Summ           14%        N/A       100%        7


Dungeon Overview and Level Annotations

Branches:
Dungeon (15/15)            Temple (1/1) D:6            Lair (6/6) D:10
 Shoals (0/4) Lair:2       Spider (3/4) Lair:3          Orc (2/2) D:12
    Elf (0/3) Orc:2        Vaults (0/5) D:14         Depths (0/4) D:15
  Slime: Lair:5-6

Altars:
Ashenzari
Cheibriados
Dithmenos
Elyvilon
Fedhas
Gozag
Hepliaklqana
Kikubaaqudgha
Makhleb
Nemelex Xobeh
Okawaru
Qazlal
Ru
Sif Muna
Trog
Uskayaw
Vehumet
Wu Jian
Xom
Yredelemnul
Zin
The Shining One

Shops:
D:5 [   Orc:1 [   Orc:2 **==(=

Annotations:
Lair:4 3 runed translucent doors, mdk's ghost, journeyman DECj
Spider:3 Arachne


Message History

The wolf spider slams into the rock wall!
You feel sick.
You are no longer poisoned.
You hear an angry hiss. x2
A jumping spider comes into view.
Casting: Iskenderun's Mystic Blast (safe; 1% risk of failure)
Confirm with . or Enter, or press ? or * to list all spells.
Aiming: Orb of Destruction (dangerous; 1% risk of failure)
Press: ? - help, Shift-Dir - straight line, f/p - Arachne
Aim: Arachne, wielding a staff of poison (severely wounded)
The jumping spider hisses angrily.
You hear an angry hiss.
A wolf spider comes into view.
A hornet comes into view.
The wolf spider hits you!
* * * LOW HITPOINT WARNING * * *
The wolf spider bites you.
* * * LOW HITPOINT WARNING * * *
A redback comes into view.
The jumping spider leaps!
A redback comes into view.
The wolf spider hits you.
* * * LOW HITPOINT WARNING * * *
The wolf spider completely misses you.
Casting: Orb of Destruction (dangerous; 1% risk of failure)
Confirm with . or Enter, or press ? or * to list all spells.
You erupt in a fountain of uncontrolled magic!
The wolf spider is blasted with magical radiation!!!
You kill the wolf spider!
Vehumet accepts your kill.
You feel your power returning.
Arachne is blasted with magical radiation!!!
Arachne is almost dead.
Arachne twists and deforms.
You are very lightly contaminated with residual magic.
Arachne hits you with a staff of poison!
* * * LOW HITPOINT WARNING * * *
Arachne envenoms you.
* * * LOW HITPOINT WARNING * * *
You are poisoned.
Arachne hits you with a staff of poison!
You die...

.^ #.. ....
^^y..
#####.....
#.....)s..
##..s......
#..@sā—‹ā—‹....
#....H..ā—‹.s.
#..####.*.s.
#.# y... ## ...
.. .


You could see Arachne (misshapen, ally target), a spark wasp, a wolf spider, a
hornet and 4 redbacks.

Vanquished Creatures
  Gastronok (Lair:2)
  Agnes (D:15)
  An orc warlord (Orc:1)
  3 emperor scorpions
  Louise (D:15)
  2 ghost moths (Spider:2)
  Nessos (D:15)
  2 entropy weavers (Spider:2)
  The ghost of Dazliare the Grappler, a journeyman OgTm of Makhleb (Lair:1)
  Harold (Lair:1)
  7 vault guards (D:14)
  8 hydras
  6 boulder beetles
  A death knight (D:14)
  2 ogre magi (D:15)
  2 catoblepae
  7 centaur warriors
  18 two-headed ogres
  6 tengu warriors
  6 death yaks
  Urug (Lair:3)
  A titan zombie (D:15)
  Sonja (Lair:3)
  A spark wasp zombie (D:15)
  A skeletal warrior (D:15)
  2 deep elf pyromancers (D:14)
  A phantasmal warrior (D:15)
  A necromancer (D:15)
  3 oklob plants (Lair:2)
  3 orc knights
  3 orb spiders
  22 ugly things
  2 orc sorcerers
  A stone giant zombie (D:15)
  14 wolf spiders
  7 cyclopes
  A moth of wrath (Spider:2)
  3 manticores
  2 black mambas
  3 torpor snails
  4 molten gargoyles (D:13)
  A rime drake (Lair:1)
  2 unseen horrors
  18 cane toads
  An efreet (D:10)
  A kobold demonologist (D:9)
  5 komodo dragons
  5 demonic crawlers
  A guardian mummy (D:15)
  2 freezing wraiths (D:14)
  A tengu conjurer (D:14)
  5 trolls
  7 jumping spiders
  2 polar bears (Lair:3)
  Grinder (D:5)
  4 hornets
  6 slime creatures
  12 blink frogs
  A spriggan zombie (D:15)
  17 redbacks
  2 shadows (D:10)
  6 wraiths
  2 basilisks
  9 tarantellas
  A wyvern (Lair:5)
  48 yaks
  Eustachio (D:6)
  2 steam dragons
  19 vampire mosquitoes
  2 wargs (Orc:1)
  Edmund (D:5)
  6 acid dragons
  47 orc warriors
  11 water moccasins
  An ice beast (D:6)
  A swamp drake (D:12)
  23 centaurs
  A necrophage (D:4)
  18 wolves
  11 ogres
  14 bullfrogs
  2 kobold brigands
  2 wyvern zombies (D:8)
  A gnoll sergeant (D:10)
  4 scorpions
  6 killer bees
  5 electric eels
  15 wights
  7 howler monkeys
  8 crimson imps (D:10)
  16 orc priests
  5 centaur zombies
  9 hounds
  A centaur skeleton (D:4)
  2 gnoll shamans
  3 bullfrog skeletons
  3 iguanas
  31 orc wizards
  Natasha (thrice) (D:2)
  11 hell rats
  A hound skeleton (D:5)
  A howler monkey zombie (D:9)
  Robin (D:2)
  10 gnolls
  3 adders
  4 white imps
  An ufetubus (D:7)
  2 adder skeletons (D:4)
  A worm (D:2)
  A dart slug (D:3)
  The ghost of Thraspic the Sneak, a weakling SpDe (D:4)
  88 orcs
  9 endoplasms
  A giant cockroach (D:3)
  22 goblins
  5 hobgoblins
  2 jackals (D:3)
  17 kobolds
  8 quokkas
  8 ball pythons
  5 bats
  3 frilled lizards
  7 rats
  A fulminant prism (Orc:2)
808 creatures vanquished.

Vanquished Creatures (others)
  198 fulminant prisms
  42 fungi
  55 plants
  4 withered plants (D:15)
299 creatures vanquished.

Grand Total: 1107 creatures vanquished

Notes
Turn   | Place    | Note
-------+----------+-------------------------------------------
     0 | D:1      | porpoise the Deep Elf Conjurer began the quest for the Orb.
     0 | D:1      | Reached XP level 1. HP: 10/10 MP: 6/6
   142 | D:1      | Found a faded altar of an unknown god.
   190 | D:1      | Reached XP level 2. HP: 15/15 MP: 5/8
   193 | D:1      | Learned a level 2 spell: Searing Ray
   790 | D:1      | Reached skill level 4 in Spellcasting
  1009 | D:2      | Reached XP level 3. HP: 19/19 MP: 7/10
  1052 | D:2      | Reached skill level 5 in Conjurations
  1306 | D:2      | Noticed Robin
  1365 | D:2      | Killed Robin
  1766 | D:2      | Noticed Natasha
  1772 | D:2      | Killed Natasha
  1773 | D:2      | Reached XP level 4. HP: 22/24 MP: 7/12
  1777 | D:2      | Noticed Natasha
  1782 | D:2      | Killed Natasha
  1783 | D:2      | Reached skill level 5 in Spellcasting
  1852 | D:2      | Learned a level 4 spell: Fulminant Prism
  1857 | D:2      | Learned a level 4 spell: Iskenderun's Mystic Blast
  2258 | D:2      | Noticed Natasha
  2288 | D:2      | Killed Natasha
  2289 | D:2      | Reached skill level 1 in Hexes
  2289 | D:2      | Reached XP level 5. HP: 18/28 MP: 10/15
  2551 | D:3      | Found an opulent altar of Gozag.
  3012 | D:3      | Learned a level 2 spell: Blink
  3063 | D:3      | Found a sparkling altar of Nemelex Xobeh.
  3132 | D:3      | Found a shimmering blue altar of Sif Muna.
  3153 | D:3      | Reached skill level 6 in Spellcasting
  3871 | D:4      | Reached XP level 6. HP: 32/32 MP: 11/17
  3975 | D:4      | Found a runed translucent door.
  3976 | D:4      | Noticed Thraspic's ghost (weakling SpDe)
  3994 | D:4      | Killed Thraspic's ghost
  4127 | D:4      | Reached skill level 7 in Spellcasting
  4296 | D:4      | Reached skill level 5 in Hexes
  4944 | D:5      | Entered Level 5 of the Dungeon
  5144 | D:5      | Reached skill level 1 in Translocations
  5144 | D:5      | Reached XP level 7. HP: 36/36 MP: 11/19
  5144 | D:5      | Noticed Grinder
  5358 | D:5      | Found Xuov's Armour Emporium.
  5503 | D:5      | Noticed a two-headed ogre
  5514 | D:5      | Killed a two-headed ogre
  5515 | D:5      | Reached skill level 5 in Translocations
  5515 | D:5      | Reached XP level 8. HP: 25/41 MP: 8/21
  5531 | D:5      | Killed Grinder
  5532 | D:5      | Reached skill level 8 in Spellcasting
  5679 | D:5      | Noticed Edmund
  5689 | D:5      | Killed Edmund
  6525 | D:6      | Reached skill level 1 in Fighting
  6525 | D:6      | Reached skill level 9 in Spellcasting
  6551 | D:6      | Found a staircase to the Ecumenical Temple.
  6602 | Temple   | Entered the Ecumenical Temple
  6912 | D:6      | Reached XP level 9. HP: 35/49 MP: 14/24
  7195 | D:6      | Reached skill level 10 in Spellcasting
  7918 | D:6      | Noticed Eustachio
  7925 | D:6      | Killed Eustachio
  8365 | D:6      | Reached skill level 11 in Spellcasting
  9453 | D:7      | Reached skill level 5 in Fighting
  9746 | D:7      | Found an iron altar of Okawaru.
  9751 | D:7      | Reached skill level 12 in Spellcasting
 10083 | D:8      | Identified the +4 whip "Xinuhey" {freeze, Int+2}
 10461 | D:8      | Reached XP level 10. HP: 30/59 MP: 19/28
 11198 | D:8      | Reached skill level 5 in Dodging
 11316 | D:8      | Found a runed translucent door.
 11316 | D:8      | Found a runed translucent door.
 11316 | D:8      | Found a runed translucent door.
 11316 | D:8      | Noticed a cyan ugly thing
 11316 | D:8      | Noticed a two-headed ogre
 11316 | D:8      | Noticed a red ugly thing
 11316 | D:8      | Noticed a six-headed hydra
 11706 | D:8      | Found a sacrificial altar of Ru.
 11772 | D:8      | Found a radiant altar of Vehumet.
 11790 | D:8      | Became a worshipper of Vehumet
 11909 | D:8      | Found a hide-covered altar of Uskayaw.
 13040 | D:9      | Reached * piety under Vehumet
 13040 | D:9      | Offered knowledge of Freeze by Vehumet.
 13396 | D:9      | Noticed a smoke demon
 13401 | D:9      | Reached skill level 1 in Evocations
 13954 | D:5      | Bought a +2 robe of resistance for 490 gold pieces
 13954 | D:5      | Bought a +0 pair of boots for 58 gold pieces
 14271 | D:10     | Entered Level 10 of the Dungeon
 14742 | D:10     | Found a shadowy altar of Dithmenos.
 14761 | D:10     | Noticed a two-headed ogre
 14769 | D:10     | Killed a two-headed ogre
 14770 | D:10     | Reached XP level 11. HP: 63/63 MP: 11/29
 15063 | D:10     | Identified the +5 hunting sling "Decyjut" {venom, rPois
                  | rCorr}
 15359 | D:10     | Reached skill level 5 in Evocations
 15372 | D:10     | Learned a level 5 spell: Irradiate
 15398 | D:10     | Found a staircase to the Lair.
 16106 | D:10     | Noticed a two-headed ogre
 16131 | D:10     | Killed a two-headed ogre
 16132 | D:10     | Reached skill level 13 in Spellcasting
 16276 | D:10     | Noticed a two-headed ogre
 16477 | D:10     | Reached skill level 5 in Stealth
 16511 | D:10     | Noticed a two-headed ogre
 16535 | D:10     | Killed a two-headed ogre
 16535 | D:10     | Offered knowledge of Scorch by Vehumet.
 16917 | D:10     | Killed a two-headed ogre
 17006 | D:10     | Reached ** piety under Vehumet
 17007 | D:10     | Reached skill level 14 in Spellcasting
 17018 | D:10     | Reached skill level 1 in Transmutations
 17818 | Lair:1   | Entered Level 1 of the Lair of Beasts
 18163 | Lair:1   | Noticed Harold
 18166 | Lair:1   | Killed Harold
 18167 | Lair:1   | Reached skill level 10 in Hexes
 18601 | Lair:1   | Found a transporter.
 18601 | Lair:1   | Noticed Dazliare's ghost (journeyman OgTm)
 18604 | Lair:1   | Found a transporter.
 18750 | Lair:1   | Upgraded the game from 0.28-a0-691-gad6df49e81 to
                  | 0.28-a0-697-g47f3eba078
 18767 | Lair:1   | Reached skill level 5 in Transmutations
 19078 | Lair:1   | Reached XP level 12. HP: 52/68 MP: 19/32
 19862 | Lair:2   | Noticed Gastronok
 19878 | Lair:2   | Killed Gastronok
 20111 | Lair:2   | Learned a level 5 spell: Borgnjor's Vile Clutch
 20130 | Lair:2   | Offered knowledge of Stone Arrow by Vehumet.
 20138 | Lair:2   | Learned a level 3 spell: Stone Arrow
 20514 | Lair:2   | Found a staircase to the Shoals.
 20631 | Lair:2   | Reached skill level 1 in Necromancy
 20631 | Lair:2   | Reached skill level 1 in Earth Magic
 21499 | Lair:3   | Noticed a four-headed hydra
 21516 | Lair:2   | Killed a four-headed hydra
 21654 | Lair:2   | Reached skill level 5 in Necromancy
 21655 | Lair:2   | Reached skill level 5 in Earth Magic
 22084 | Lair:3   | Reached *** piety under Vehumet
 22094 | Lair:3   | Noticed Sonja
 22097 | Lair:3   | Killed Sonja
 22574 | Lair:3   | Noticed a four-headed hydra
 22578 | Lair:3   | Killed a four-headed hydra
 22578 | Lair:3   | Offered knowledge of Hailstorm by Vehumet.
 22579 | Lair:3   | Reached XP level 13. HP: 72/72 MP: 26/33
 22580 | Lair:3   | Noticed Urug
 22587 | Lair:3   | Killed Urug
 22988 | Lair:3   | Found a hole to the Spider Nest.
 24185 | Lair:3   | Reached **** piety under Vehumet
 24581 | Lair:4   | Found a runed translucent gate.
 24582 | Lair:4   | Found a runed translucent gate.
 24583 | Lair:4   | Found a runed translucent gate.
 24912 | Lair:4   | Noticed mdk's ghost (journeyman DECj)
 25143 | Lair:5   | Offered knowledge of Freezing Cloud by Vehumet.
 26845 | D:11     | Found an ancient bone altar of Kikubaaqudgha.
 26850 | D:11     | Identified the ring of Xyiptaef {rPois Int+6 Dex-4 SInv}
 27948 | D:12     | Reached ***** piety under Vehumet
 27975 | D:12     | Offered knowledge of Orb of Destruction by Vehumet.
 27985 | D:12     | Learned a level 7 spell: Orb of Destruction
 28254 | D:12     | Reached XP level 14. HP: 74/78 MP: 23/34
 28594 | D:12     | Found a staircase to the Orcish Mines.
 33859 | D:14     | Reached skill level 10 in Conjurations
 34070 | D:14     | Reached skill level 15 in Spellcasting
 34266 | D:14     | Found a gate to the Vaults.
 35352 | D:15     | Entered Level 15 of the Dungeon
 35370 | D:15     | Noticed Nessos
 35384 | D:15     | Noticed Louise
 35384 | D:15     | Killed Nessos
 35388 | D:15     | Killed Louise
 35564 | D:15     | Reached XP level 15. HP: 86/86 MP: 19/36
 35744 | D:15     | Found a staircase to the Depths.
 35761 | D:15     | Reached skill level 16 in Spellcasting
 36330 | D:15     | Noticed Agnes
 36345 | D:15     | Killed Agnes
 36768 | D:15     | Offered knowledge of Yara's Violent Unravelling by Vehumet.
 37306 | D:15     | Reached skill level 1 in Shields
 38235 | Orc:1    | Entered Level 1 of the Orcish Mines
 38500 | Orc:2    | Entered Level 2 of the Orcish Mines
 38927 | Orc:2    | Found a staircase to the Elven Halls.
 38944 | Orc:2    | Found Sysoc's Specific Store.
 38948 | Orc:2    | Found Qagudibueb's General Store.
 39229 | Orc:1    | Noticed an orc warlord
 39233 | Orc:1    | Reached skill level 10 in Necromancy
 39237 | Orc:1    | Killed an orc warlord
 39435 | Orc:1    | Found Huyrewol's Antique Armour Shop.
 39571 | Orc:2    | Bought a potion of heal wounds for 75 gold pieces
 40122 | Orc:2    | Offered knowledge of Lightning Bolt by Vehumet.
 41542 | Orc:2    | Found Naroy's Jewellery Emporium.
 41542 | Orc:2    | Found Joetarix's Weapon Shop.
 41544 | Orc:2    | Found Feenao's Jewellery Boutique.
 41546 | Orc:2    | Found Irghetou's Jewellery Shoppe.
 41633 | Orc:1    | Bought a masterwork ring mail for 234 gold pieces
 41633 | Orc:1    | Identified the +5 ring mail of the Ditch-Digger {rF- Dex+5}
                  | (You bought it in a shop on level 1 of the Orcish Mines)
 41633 | Orc:1    | Bought a faintly humming kite shield for 247 gold pieces
 41633 | Orc:1    | Identified the +3 kite shield of the Game of Kings {rPois
                  | rF- Str+4 Stlth+} (You bought it in a shop on level 1 of
                  | the Orcish Mines)
 41811 | Lair:1   | Killed Dazliare's ghost
 42543 | D:8      | You fall into a shaft and drop 2 floors!
 42748 | D:8      | Found a runed translucent door.
 43082 | D:8      | Identified the +8 battleaxe of Annoyance {vorpal, rC+ rCorr
                  | MP-9 Dex+3}
 43664 | Lair:6   | Entered Level 6 of the Lair of Beasts
 43870 | Spider:1 | Entered Level 1 of the Spider Nest
 43875 | Spider:1 | Reached XP level 16. HP: 92/92 MP: 22/38
 43897 | Lair:3   | Learned a level 6 spell: Starburst
 44182 | Spider:1 | Found a transporter.
 44182 | Spider:1 | Found a transporter.
 44389 | Spider:1 | Got the +3 pair of boots "Pilasch" {Str+5}
 44419 | Spider:1 | Reached skill level 1 in Fire Magic
 46056 | Spider:2 | Reached skill level 10 in Stealth
 46799 | Spider:2 | Reached skill level 5 in Fire Magic
 47565 | Spider:2 | Offered knowledge of Lee's Rapid Deconstruction by Vehumet.
 47885 | Spider:3 | Noticed Arachne
 47891 | Spider:3 | Slain by Arachne

Illustrated notes

Levels and vault maps discovered:
D:1:      lightli_arrival_boilingwater, layout_basic,
          ebering_ecumenical_altar_webs
D:2:      layout_basic, uniq_robin, uniq_natasha
D:3:      layout_rooms, nicolae_gozag_seed_capital, nemelex_spade_bored_becter,
          lemuel_round_altar
D:4:      layout_layer_cave, ebering_ghost_sewer_d
D:5:      layout_loops_ring, serial_shops, nicolae_shop_crystal,
          kennysheep_big_empty_room, minmay_misc_feat_columns,
          kennysheep_generic_room_7, uniq_edmund, uniq_grinder
D:6:      layout_basic, minmay_temple_entry_large_hall,
          minmay_fractal_squares_gapless_5, uniq_eustachio
D:7:      layout_rooms, mainiacjoe_overflow_brackets
D:8:      minmay_the_grid_triangle_9x9_rhombus_full
          [minmay_the_grid_triangle_9x9_limited_checkers,
          minmay_the_grid_triangle_9x9_semitri,
          minmay_the_grid_triangle_9x9_stretched_checkered,
          minmay_the_grid_triangle_9x9_fully_insulated_deathbox,
          minmay_the_grid_triangle_9x9_descending_squares,
          minmay_the_grid_triangle_9x9_subtriangle,
          minmay_the_grid_triangle_9x9_checkered,
          minmay_the_grid_triangle_9x9_prize_top_heavy], layout_basic,
          fiery_altar_vehumet, mainiacjoe_overflow_swirl
D:9:      layout_basic, nicolae_lava_and_water
D:10:     kennysheep_windowed_halls, layout_gridville,
          nicolae_dithmenos_shadow_blocks, erik_lair_island, minmay_nine_imps
D:11:     layout_roguey, serial_curves, eino_curves_03, eino_curves_02,
          kiku_gazebo_garden_becter
D:12:     layout_rooms, erik_orc_1
D:13:     cheibrodos_statue_roulette, layout_rooms, serial_rivers,
          chequers_serial_rivers_small_b, chequers_serial_rivers_large_b,
          chequers_serial_rivers_micro_a, chequers_serial_rivers_room_b,
          chequers_serial_rivers_small_3, grunt_ministairs_12
D:14:     layout_basic, erik_vaults_2, minmay_misc_feat_enclosed,
          minmay_diced_spiral
D:15:     gammafunk_depths_entry_grave, layout_gridville, uniq_agnes,
          uniq_nessos, uniq_louise
Temple:   eino_temple_water
Lair:1:   layout_layer_cave, gammafunk_ghost_arena, serial_bayou_lake_a,
          infiniplex_staircase_pool_2, uniq_harold
Lair:2:   dpeg_oklob_gauntlet, layout_chaotic_city,
          minmay_shoals_entry_centaurs, uniq_gastronok
Lair:3:   nzn_winding_woodlands_stair_cross [nzn_winding_woodlands_5x15_default,
          nzn_winding_woodlands_center_triple_pond,
          nzn_winding_woodlands_5x15_pockets, nzn_winding_woodlands_5x5_three,
          nzn_winding_woodlands_5x5_cross, nzn_winding_woodlands_5x15_garden,
          nzn_winding_woodlands_center_pierced_h,
          nzn_winding_woodlands_5x15_river_crossing], layout_gridlike,
          spider_nest_entry_webs, uniq_sonja, uniq_urug
Lair:4:   layout_cave_pods, gammafunk_ghost_icy, grunt_megastairs_1
Lair:5:   layout_regular_city, lemuel_fruit_fields
Lair:6:   cheibrodos_lair_end_hotspot, layout_layer_cave,
          minmay_slime_entry_jelly_boxes
Spider:1: gammafunk_boulding_lane
Spider:2: layout_spider_delve, hangedman_spider_tarantella_strand
Spider:3: layout_spider_delve, nicolae_spider_wall_of_niches, uniq_arachne
Orc:1:    layout_diamond_mine, serial_shops, shop
Orc:2:    st_orc_rangers, layout_diamond_mine, nicolae_specific_store

Skill      XL: |  1  2  3  4  5  6  7  8  9 10 11 12 13 14 15 16 |
---------------+-------------------------------------------------+-----
Spellcasting   | 4 5 6 7 9 12 14 15 16 | 16.0
Conjurations   | 5 6 7 9 11 12 | 12.0
Hexes          | 1 3 5 7 9 11 12 14 | 14.0
Translocations | 1 5 7 9 |  9.0
Fighting       | 2 5 7 |  7.0
Dodging        | 4 7 8 9 |  9.0
Evocations     | 4 5 7 |  7.0
Stealth        | 7 11 | 11.3
Transmutations | 5 7 9 |  9.0
Necromancy     | 7 9 12 | 12.0
Earth Magic    | 6 7 9 |  9.0
Shields        | 4 |  4.0
Fire Magic     | 5 |  5.6

Action                   |  1- 3 |  4- 6 |  7- 9 | 10-12 | 13-15 | 16-18 || total
-------------------------+-------+-------+-------+-------+-------+-------++-------
Melee: Hunting sling     |       |       |       |     1 |     1 |       ||     2
       Dagger            |       |       |       |       |     2 |     2 ||     4
 Fire: Hunting sling     |     7 |    52 |    46 |   161 |   324 |    39 ||   629
Throw: Dart              |       |       |       |     1 |     7 |       ||     8
 Cast: Magic Dart        |    53 |    14 |     2 |     1 |       |       ||    70
       Searing Ray       |    13 |    35 |    54 |    83 |    12 |     3 ||   200
       Fulminant Prism   |       |       |    13 |    63 |   119 |     4 ||   199
       Iskenderun's Myst |       |       |    18 |    84 |   146 |    19 ||   267
       Irradiate         |       |       |       |     5 |    30 |     4 ||    39
       Stone Arrow       |       |       |       |     5 |   149 |    48 ||   202
       Borgnjor's Vile C |       |       |       |       |    22 |     9 ||    31
       Orb of Destructio |       |       |       |       |    77 |    22 ||    99
       Blink             |       |       |       |       |     1 |       ||     1
       Starburst         |       |       |       |       |       |     3 ||     3
Evoke: Wand              |       |       |       |    17 |    14 |    12 ||    43
       Lightning rod     |       |       |       |       |     1 |     4 ||     5
  Use: Scroll            |       |     2 |     7 |    12 |    12 |     2 ||    35
       Potion            |       |       |       |       |     4 |     1 ||     5
 Stab: Sleeping          |       |       |       |       |     2 |       ||     2
Armor: Robe              |     3 |     5 |     2 |     9 |    30 |    42 ||    91
       Steam dragon scal |       |       |     1 |     1 |       |       ||     2
Dodge: Dodged            |    10 |    10 |    41 |   124 |   240 |    55 ||   480
Block: Buckler           |       |       |       |       |    31 |    16 ||    47

Table legend: (Time is in decaauts)
 A = Elapsed time spent in this place.
 B = Non-inter-level travel time spent in this place.
 C = Inter-level travel time spent in this place.
 D = Time resting spent in this place.
 E = Time spent auto-exploring this place.
 F = Levels seen in this place.
 G = Mean time per level.
                   A        B        C        D        E       F      G
               +--------+--------+--------+--------+--------+-----+--------+
         Total |  48199 |  45557 |   2642 |  24570 |  13985 |  27 | 1785.1 |
       Dungeon |  30834 |  29117 |   1717 |  16346 |   8765 |  15 | 2055.6 |
        Temple |    244 |    232 |     12 |      0 |    218 |   1 |  244.0 |
          Lair |   9798 |   9095 |    703 |   3895 |   3913 |   6 | 1633.0 |
   Spider Nest |   3838 |   3744 |     94 |   2231 |    758 |   3 | 1279.3 |
  Orcish Mines |   3484 |   3368 |    116 |   2097 |    330 |   2 | 1742.0 |
               +--------+--------+--------+--------+--------+-----+--------+

Top non-repeatable levels by time:
    D:13: 4864 daAuts
    D:10: 3957 daAuts
     D:8: 3379 daAuts
  Lair:3: 2561 daAuts
     D:6: 2445 daAuts
  Lair:1: 2442 daAuts
    D:15: 2370 daAuts
Spider:2: 2344 daAuts
   Orc:2: 1953 daAuts
     D:4: 1897 daAuts
     D:9: 1870 daAuts
  Lair:2: 1729 daAuts
    D:12: 1691 daAuts
  Lair:4: 1559 daAuts
   Orc:1: 1531 daAuts
